 Dungeon Crawl Stone Soup version 0.29-a0-550-g81e455f4c2 (webtiles) character file.

Game seed: 12319173649488179428

0 Lekart the Skirmisher (level 1, 0/19 HPs)
             Began as a Draconian Abyssal Knight on June 5, 2022.
             Was a Believer of Lugonu.
             Slain by a quasit (2 damage)
             ... on level 1 of the Abyss.
             The game lasted 00:00:26 (234 turns).

Lekart the Skirmisher (Draconian Abyssal Knight)     Turns: 234, Time: 00:00:27

Health: 0/19       AC:  4    Str: 15      XL:     1   Next: 0%
Magic:  2/2        EV: 11    Int: 10      God:    Lugonu [**....]
Gold:   0          SH:  0    Dex:  4 (11) Spells: 0/0 levels left

rFire   . . .      SeeInvis .   a - +1 hand axe
rCold   . . .      Faith    .   (no shield)
rNeg    . . .      Spirit   .   (body armour unavailable)
rPois   .          Reflect  .   (helmet restricted)
rElec   .          Harm     .   (no cloak)
rCorr   .          Rampage  .   (no gloves)
Will    .....                   (no boots)
Stlth   +.........              (no amulet)
HPRegen 0.06/turn               (no ring)
MPRegen 0.08/turn               (no ring)

@: no status effects
A: AC +4, unfitting armour, cold-blooded
a: Renounce Religion, Depart the Abyss, Bend Space


You were on level 1 of the Abyss.
You worshipped Lugonu.
Lugonu was pleased with you.
You visited 0 branches of the dungeon, and saw 0 of its levels.
You visited the Abyss 1 time.

Inventory:

Hand Weapons
 a - a +1 hand axe (weapon)


   Skills:
 + Level 3.2 Fighting
 + Level 2.0 Axes
 + Level 2.1 Dodging
 + Level 2.0 Invocations


You couldn't memorise any spells.
You didn't know any spells.
Your spell library was empty.

Dungeon Overview and Level Annotations

Branches:
Dungeon (0/15)

Altars:


Innate Abilities, Weirdness & Mutations

Your plain brown scales are hard. (AC +4)
You cannot fit into any form of body armour.
You are cold-blooded and may be slowed by cold attacks.


Message History

The quasit claws you but does no damage.
You miss the quasit.
Your tail-slap misses the quasit.
The quasit is heavily wounded.
The quasit bites you but does no damage.
The quasit claws you.
You feel clumsy. The quasit closely misses you.
You hit the quasit.
Your tail-slap misses the quasit.
The quasit is heavily wounded.
The quasit completely misses you.
The quasit claws you but does no damage. x2
The quasit bites you but does no damage.
The quasit claws you.
You feel clumsy. The quasit barely misses you.
You barely miss the quasit.
The quasit is heavily wounded.
The quasit bites you but does no damage.
The quasit claws you but does no damage. x2
You miss the quasit.
Your tail-slap misses the quasit.
The quasit is heavily wounded.
The quasit bites you. The quasit barely misses you.
The quasit closely misses you.
The quasit bites you but does no damage.
The quasit claws you but does no damage.
The quasit claws you.
* * * LOW HITPOINT WARNING * * *
You hit the quasit.
The quasit is severely wounded.
The quasit misses you. The quasit claws you.
* * * LOW HITPOINT WARNING * * *
You feel clumsy.
The quasit claws you but does no damage.
You aren't carrying any potions.
You closely miss the quasit.
The quasit is severely wounded.
The quasit barely misses you. x2; The quasit claws you.
* * * LOW HITPOINT WARNING * * *
The quasit bites you.
You die...

# .## ### .# ...
### ### #.#..#.#. #
.#..#.#### .#.. .
#.#.##.##....##...
# #.....5#.## # . #
# #..@#. .#.#.... #
.
#..#.#...#.#.....#.
.# #. #.
..#.....### ....
.###..# ..... .#..
## ##..# .#### . #
..#... # #.# .#####
# #. . #.. . ## . #
.. # .


You could see a quasit.

Vanquished Creatures (others)
  A lurking horror (Abyss:1)
1 creature vanquished.

Notes
Turn   | Place    | Note
-------+----------+-------------------------------------------
     0 | Abyss:1  | Lekart the Draconian Abyssal Knight began the quest for the
                  | Orb.
     0 | Abyss:1  | Reached XP level 1. HP: 19/19 MP: 2/2
   185 | Abyss:1  | Found a radiant altar of Vehumet.
   193 | Abyss:1  | Noticed a hell hog
   220 | Abyss:1  | Noticed a quasit
   234 | Abyss:1  | Slain by a quasit

Illustrated notes

Levels and vault maps discovered:
Abyss:1:  base: Temple, base:
Temple

Action                   || total
-------------------------++-------
Melee: Hand axe          ||    13
       Tailslap          ||     1
Armor: Skin              ||    23
Dodge: Dodged            ||    27

Table legend: (Time is in decaauts)
 A = Elapsed time spent in this place.
 B = Non-inter-level travel time spent in this place.
 C = Inter-level travel time spent in this place.
 D = Time resting spent in this place.
 E = Time spent auto-exploring this place.
 F = Levels seen in this place.
 G = Mean time per level.
                   A        B        C        D        E       F      G
               +--------+--------+--------+--------+--------+-----+--------+
         Total |    236 |    236 |      0 |      0 |    187 |   1 |  236.0 |
         Abyss |    236 |    236 |      0 |      0 |    187 |   1 |  236.0 |
               +--------+--------+--------+--------+--------+-----+--------+

Top non-repeatable levels by time:
 Abyss:1: 236 daAuts
